[Event "Late-Titled-Tuesday-Blitz-July-09-2024"]
[Site "Chess.com"]
[Date "2024.07.09"]
[Round "8"]
[White "Kombinator01"]
[Black "swayamsm"]
[Result "1-0"]
[WhiteElo "2485"]
[BlackElo "2617"]
[TimeControl "180+1"]
[EndTime "15:27:49 PDT"]
[Termination "Kombinator01 won by checkmate"]

1. d4 Nf6 2. Bf4 b6 3. e3 Bb7 4. Nf3 e6 5. Nbd2 d5 6. Ne5 Bd6 7. c3 Nbd7 8. Bb5 O-O 9. Nxd7 Nxd7 10. Bg3 c6 11. Bxd6 cxb5 12. Bxf8 Qxf8 13. Qe2 b4 14. O-O a5 15. cxb4 Qxb4 16. Rfb1 Ba6 17. Qd1 Bd3 18.
a3 Qb5 19. Rc1 Qxb2 20. Nf3 Be4 21. Rc7 Nf8 22. Ne5 f6 23. Nc6 Kh8 24. f3 Bc2 25. Qc1 Qc3 26. Ra2 Qb3 27. Rxc2 b5 28. h3 b4 29.
axb4 axb4 30. Nxb4 Qxb4 31. Rc8 Ra7 32. Rb2 Qa3 33. Qc5 Qxe3+ 34. Kh2 h5 35. Rxf8+ Kh7 36. Qxa7 h4 37. Qb8 e5 38. Rb1 Qf4+ 39. Kh1 Qxd4 40. Rh8+ Kg6 41. Qe8+ Kf5 42. Qh5+ g5 43. Qg4+ Qxg4 44.
hxg4+ Kf4 45. Rf8 e4 46. Rxf6+ Kg3 47. fxe4 dxe4 48. Rb3+ Kxg4 49. Re3 Kh5 50. Rxe4 h3 51. Rf8 h2 52. Ra4 g4 53. Rxg4 Kxg4 54. Kxh2 Kh4 55.
g4 Kxg4 56. Rf1 Kg5 57. Kh3 Kh5 58. Rf5+ Kg6 59. Kg4 Kg7 60. Kh5 Kg8 61. Kh6 Kh8 62. Rf8# 1-0

[Event "Late-Titled-Tuesday-Blitz-July-09-2024"]
[Site "Chess.com"]
[Date "2024.07.09"]
[Round "8"]
[White "SocoLoco"]
[Black "cthake"]
[Result "0-1"]
[WhiteElo "2097"]
[BlackElo "1839"]
[TimeControl "180+1"]
[EndTime "15:27:49 PDT"]
[Termination "cthake won on time"]

1. e4 e6 2. d3 d5 3. Nc3 Nf6 4. Bg5 d4 5. Nce2 e5 6. g3 Be7 7.
Bg2 c5 8. h3 h6 9. Bd2 Nc6 10.
f4 exf4 11. gxf4 Qb6 12. Qc1 Nh5 13. Nf3 Bd7 14. a3 O-O-O 15. b4 cxb4 16. axb4 Bxb4 17.
O-O Nf6 18. Kh2 g5 19. fxg5 hxg5 20. Nxg5 Ng4+ 21. Kg1 Bxd2 22. Qxd2 Ne3 23. Nxf7 Bxh3 24. Bxh3+ Rxh3 25. Nxd8 Qxd8 26. Nf4 Qg5+ 27. Ng2 Rg3 28. Rf2 Ne5 29. Kh2 Qh5+ 30. Kg1 Rxg2+ 31. Rxg2 Nf3+ 32. Kf2 Nxd2 33. Rg8+ Kc7 34. Rag1 Qf3+ 35. Ke1 Qd1+ 36.
Kf2 Qxc2 37. Kg3 Ndf1+ 38. Kf4 Qf2+ 39. Ke5 Qa2 40. R1g6 Qa5+ 0-1

[Event "Late-Titled-Tuesday-Blitz-July-09-2024"]
[Site "Chess.com"]
[Date "2024.07.09"]
[Round "8"]
[White "nitpicker"]
[Black "Nf3c5"]
[Result "0-1"]
[WhiteElo "2299"]
[BlackElo "2629"]
[TimeControl "180+1"]
[EndTime "15:27:50 PDT"]
[Termination "Nf3c5 won on time"]

1. d4 Nf6 2. c4 b6 3. a3 Bb7 4.
Nc3 g6 5. Qc2 Nc6 6. Nf3 Bg7 7.
Bg5 h6 8. Bf4 Nh5 9. Be3 e5 10.
O-O-O Nxd4 11. Nxd4 exd4 12. Bxd4 Nf6 13. e4 O-O 14.
Bd3 d6 15. h3 Re8 16. Rhe1 Nd7 17. Bxg7 Kxg7 18. Qd2 Nc5 19. Bc2 a5 20. Nd5 Bxd5 21.
Qxd5 a4 22. g3 Qg5+ 23. Kb1 Qxd5 24. Rxd5 Re7 25. e5 Rae8 26. f4 Kh7 27. h4 h5 28. Re3 f6 29. f5 gxf5 30. Bxf5+ Kh6 31. e6 Nxe6 32. Rf3 Nc5 33. Bc2 Re1+ 34. Ka2 R8e6 35.
Rdf5 Kg7 36. Rxh5 R6e2 37. Rh7+ Kg8 0-1

[Event "Late-Titled-Tuesday-Blitz-July-09-2024"]
[Site "Chess.com"]
[Date "2024.07.09"]
[Round "8"]
[White "VirtualCoach"]
[Black "katharinareinecke"]
[Result "1-0"]
[WhiteElo "2308"]
[BlackElo "2091"]
[TimeControl "180+1"]
[EndTime "15:27:50 PDT"]
[Termination "VirtualCoach won on time"]

1. e4 c6 2. d4 d5 3. e5 Bf5 4.
Nf3 e6 5. Be2 Ne7 6. O-O Bg6 7.
Nbd2 Nf5 8. h3 Be7 9. c4 O-O 10. b3 Nd7 11. Bb2 Rc8 12. Rc1 Nb6 13. Re1 dxc4 14.
Nxc4 Nd5 15. Bf1 Bb4 16. Ncd2 Nf4 17. a3 Ba5 18. b4 Bc7 19. Ne4 Nh4 20. Rc2 Nxf3+ 21.
Qxf3 Nd5 22. Bd3 Bxe4 23. Bxe4 Bb6 24. Rd1 Qg5 25. Bc1 Qe7 26. Qg3 g6 27. Bh6 Rfe8 28. Bxd5 cxd5 29. Bg5 Rxc2 30. Bxe7 Rxe7 31. a4 a5 32. Qd3 Rc4 33. bxa5 Bxa5 34. Qb3 b6 35. Qb5 Rec7 36. Kh2 Kg7 37. Qe8 h5 38. Rd3 Rc2 39. Rf3 R2c3 40. Rf4 R3c4 41. Qd8 Rc3 42. Qf6+ Kg8 43.
g4 hxg4 44. hxg4 Rc2 45. g5 Be1 46. Kg2 Ba5 47. Rh4 Rxf2+ 48. Qxf2 1-0

[Event "Late-Titled-Tuesday-Blitz-July-09-2024"]
[Site "Chess.com"]
[Date "2024.07.09"]
[Round "8"]
[White "bancsoo"]
[Black "rpragchess"]
[Result "0-1"]
[WhiteElo "2852"]
[BlackElo "3102"]
[TimeControl "180+1"]
[EndTime "15:27:51 PDT"]
[Termination "rpragchess won on time"]

1. Nf3 Nf6 2. g3 g6 3. Bg2 Bg7 4. d4 d6 5. c4 O-O 6. Nc3 Nbd7 7. O-O e5 8. e4 b6 9. Be3 Bb7 10. Qc2 exd4 11. Bxd4 Re8 12. Rfe1 Nc5 13. Bxc5 bxc5 14. e5 Nd7 15. exd6 cxd6 16. Rad1 Qb6 17. b3 Nf6 18. Nh4 h5 19. h3 Nh7 20. Bxb7 Qxb7 21. Nd5 Ng5 22.
Kg2 Qd7 23. Rh1 Re6 24. Nf4 Re5 25. Nf3 Nxf3 26. Kxf3 Rae8 27. Rd5 Qb7 28. Rd1 Bh6 29. Qd3 Rf5 30. Kg2 Bxf4 31. gxf4 Rxf4 32. Kg3 Ree4 33. Rxd6 h4+ 34. Kh2 Rxf2+ 35. Kg1 Ree2 36. Rxg6+ fxg6 0-1

[Event "Late-Titled-Tuesday-Blitz-July-09-2024"]
[Site "Chess.com"]
[Date "2024.07.09"]
[Round "8"]
[White "prxcess_brownie"]
[Black "Proteuo"]
[Result "0-1"]
[WhiteElo "2224"]
[BlackElo "2433"]
[TimeControl "180+1"]
[EndTime "15:27:53 PDT"]
[Termination "Proteuo won by checkmate"]

1. c4 Nf6 2. Nc3 c5 3. Nf3 Nc6 4. d4 cxd4 5. Nxd4 g6 6. e4 d6 7.
Be2 Bg7 8. Be3 O-O 9. O-O Bd7 10. Qd2 a6 11. h3 Rc8 12. Rac1 Re8 13. Rfd1 Qa5 14. b3 Nh5 15. Bxh5 gxh5 16. Nd5 Qxd2 17. Rxd2 Be6 18. Nxe6 fxe6 19. Nf4 e5 20. Nxh5 Bh8 21.
Ng3 Nd4 22. Nf5 Nxf5 23. exf5 Kf7 24. Kf1 h5 25. g4 Rg8 26. f3 Bf6 27. Rh2 Rg7 28.
Ke2 Rh8 29. Rch1 Bh4 30. Rg2 Kf6 31. f4 Rhg8 32. Rhg1 b5 33. Kd3 bxc4+ 34. bxc4 Kf7 35. fxe5 dxe5 36. Ke4 Rc8 37. Rc2 Rgg8 38. g5 Rgd8 39.
Kxe5 Rd3 40. Ke4 Rcd8 41. c5 Ra3 42. g6+ Kg8 43. Bd4 Ra4 44. c6 Raxd4+ 45. Ke5 Bf6+ 46. Ke6 R8d6# 0-1

[Event "Late-Titled-Tuesday-Blitz-July-09-2024"]
[Site "Chess.com"]
[Date "2024.07.09"]
[Round "8"]
[White "bazar-wokzal"]
[Black "alexrustemov"]
[Result "0-1"]
[WhiteElo "2645"]
[BlackElo "2872"]
[TimeControl "180+1"]
[EndTime "15:27:54 PDT"]
[Termination "alexrustemov won on time"]

1. e4 g6 2. Nc3 Bg7 3. h4 h5 4. Nf3 d6 5. Ng5 f6 6. Nh3 e5 7.
d4 c6 8. dxe5 dxe5 9. Qxd8+ Kxd8 10. Be3 Be6 11. O-O-O+ Kc7 12. f4 Nd7 13. fxe5 Nxe5 14.
Nf4 Bf7 15. g3 Nh6 16. Bh3 Rhe8 17. Bc5 Bf8 18. Bxf8 Rxf8 19. Be6 Rae8 20. Bxf7 Rxf7 21. Rhe1 Nhg4 22. Re2 Rfe7 23. b3 Nh6 24. a4 a5 25.
Kb2 Nhf7 26. Rf1 Nd6 27. Nd3 Ng4 28. Rf4 f5 29. exf5 Rxe2 30. Nxe2 Rxe2 31. fxg6 Re6 32. g7 Rg6 33. Nc5 Nh6 34. Rf8 Ndf5 35. Rh8 b6 36. Ne4 Rxg7 37. Nf6 Rxg3 38. Nxh5 Rg2 39. Rh7+ Kd6 40. Nf6 Rh2 41. Ne8+ Kc5 42. Rc7 Nd4 0-1

[Event "Late-Titled-Tuesday-Blitz-July-09-2024"]
[Site "Chess.com"]
[Date "2024.07.09"]
[Round "8"]
[White "Oleg_Papayan"]
[Black "realburq"]
[Result "1-0"]
[WhiteElo "2600"]
[BlackElo "2434"]
[TimeControl "180+1"]
[EndTime "15:27:54 PDT"]
[Termination "Oleg_Papayan won by resignation"]

1. d4 Nf6 2. Nc3 d5 3. Bf4 c6 4.
Nf3 g6 5. e3 Bg7 6. Ne5 O-O 7.
h4 h5 8. Qd2 Bf5 9. f3 Nbd7 10.
Be2 Qb6 11. O-O-O Rfc8 12. g4 Be6 13. Rdg1 c5 14. gxh5 Nxh5 15. Nxd7 Bxd7 16. Nxd5 Qe6 17. c4 cxd4 18. Nc7 Rxc7 19. Bxc7 Rc8 20. Bf4 Nxf4 21. exf4 d3 22. Bxd3 b5 23. f5 Qf6 24.
fxg6 bxc4 25. gxf7+ Kf8 26. Be4 c3 27. Qxd7 cxb2+ 28. Kb1 Rc1+ 29. Rxc1 bxc1=Q+ 30. Kxc1 Qb2+ 31. Kd1 Qa1+ 32. Ke2 Qb2+ 33. Qd2 Qb5+ 34. Kf2 Qb6+ 35. Kg2 Bh6 36.
Qd5 Qb2+ 37. Kh3 Qb8 38. Rg1 Bg7 39. Qa8 Qxa8 40. Bxa8 1-0

[Event "Late-Titled-Tuesday-Blitz-July-09-2024"]
[Site "Chess.com"]
[Date "2024.07.09"]
[Round "8"]
[White "Javokhir_Sindarov05"]
[Black "rasmussvane"]
[Result "1/2-1/2"]
[WhiteElo "3062"]
[BlackElo "2923"]
[TimeControl "180+1"]
[EndTime "15:27:57 PDT"]
[Termination "Game drawn by repetition"]

1. e4 c6 2. Nf3 d5 3. d3 Bg4 4. h3 Bxf3 5. Qxf3 e6 6. Be2 Nd7 7. Qg3 g6 8. O-O Bg7 9. Nd2 Ne7 10. Kh1 O-O 11. f4 c5 12. Nf3 c4 13. e5 cxd3 14.
Bxd3 Nc5 15. Be3 Rc8 16. Qf2 b6 17. Qe2 Qc7 18. c3 Nxd3 19. Qxd3 Qc4 20. Qxc4 Rxc4 21. Nd4 Nf5 22. Bf2 Nxd4 23. Bxd4 f6 24. exf6 Bxf6 25. Bxf6 Rxf6 26. g3 b5 27. a3 a5 28. Kg2 Kf7 29. h4 Ke7 30. Rh1 h5 31. Rhe1 Kd6 32. Re5 Rf5 33. Re2 e5 34. fxe5+ Rxe5 35. Rxe5 Kxe5 36.
Kf3 d4 37. Re1+ Kf5 38. Re4 dxc3 39. Rxc4 bxc4 40. bxc3 a4 41. Ke3 Ke5 42. Kf3 Kf5 43. Ke3 Ke5 44. Kf3 Kf5 1/2-1/2

[Event "Late-Titled-Tuesday-Blitz-July-09-2024"]
[Site "Chess.com"]
[Date "2024.07.09"]
[Round "8"]
[White "GulamaliRises"]
[Black "ninjatrick"]
[Result "0-1"]
[WhiteElo "2645"]
[BlackElo "2506"]
[TimeControl "180+1"]
[EndTime "15:27:57 PDT"]
[Termination "ninjatrick won by resignation"]

1. e4 e6 2. d4 d5 3. e5 c5 4. c3 Nc6 5. Nf3 cxd4 6. cxd4 Nge7 7. Nc3 Ng6 8. h4 h5 9. Bd3 Be7 10. Bxg6 fxg6 11. Qd3 O-O 12. Qxg6 Rxf3 13. gxf3 Nxd4 14. Qd3 Nf5 15. Bd2 Qb6 16. O-O-O Bd7 17. Kb1 Rc8 18. Rc1 Bc5 19. Rhg1 Bxf2 20. Rg5 Ne3 21.
Qg6 Nf5 22. Rxh5 Qd4 23. Qh7+ Kf7 24. Rxf5+ exf5 25. Qh5+ Kg8 26. Rc2 Qxe5 27. f4 Qd4 28. Qf3 Bc6 29. Ne2 Qb6 30. Qd3 Re8 31. Bc3 Ba4 32.
b3 Bb5 33. Qxd5+ Kh8 34. Nd4 Bd3 35. Kb2 Bxc2 36. Nxf5 Bxf5 37. Bxg7+ Kxg7 38. Qxf5 Qf6+ 39. Ka3 Qxf5 0-1

[Event "Late-Titled-Tuesday-Blitz-July-09-2024"]
[Site "Chess.com"]
[Date "2024.07.09"]
[Round "8"]
[White "Bilan_Danila"]
[Black "pirulillo"]
[Result "1-0"]
[WhiteElo "2601"]
[BlackElo "2444"]
[TimeControl "180+1"]
[EndTime "15:27:58 PDT"]
[Termination "Bilan_Danila won by checkmate"]

1. d4 Nf6 2. Nf3 g6 3. Bg5 Bg7 4. c3 O-O 5. Nbd2 d5 6. e3 b6 7. Bd3 a5 8. Ne5 a4 9. a3 c6 10. h4 h5 11. f4 Ng4 12. f5 Bxe5 13. dxe5 Nxe5 14. Bc2 Bxf5 15. Bxf5 gxf5 16. Qxh5 Qd6 17. O-O Qg6 18. Qxg6+ Nxg6 19. Rxf5 e6 20. Rf3 f5 21. Rg3 Kh7 22. Nf3 Nd7 23. Kf2 Nde5 24. h5 Ng4+ 25. Ke2 N6e5 26. Bf4 Nc4 27. Ng5+ Kh8 28. Nxe6 Rfe8 29.
Nd4 Rf8 30. Nxf5 Rxf5 31. Rxg4 Re8 32. h6 Re4 33. g3 Ne5 34. Rg7 Nc4 35. Ra7 c5 36.
Rh1 Re8 37. Rh4 d4 38. cxd4 cxd4 39. Rg4 Nxe3 40. Rgg7 Nd5+ 41. Kd2 Nxf4 42. Rh7+ Kg8 43. Rag7+ Kf8 44. Rh8# 1-0

[Event "Late-Titled-Tuesday-Blitz-July-09-2024"]
[Site "Chess.com"]
[Date "2024.07.09"]
[Round "8"]
[White "chessuriel"]
[Black "RodriQA"]
[Result "1/2-1/2"]
[WhiteElo "2350"]
[BlackElo "2442"]
[TimeControl "180+1"]
[EndTime "15:28:01 PDT"]
[Termination "Game drawn by repetition"]

1. e4 c6 2. d4 d5 3. Nc3 dxe4 4. Nxe4 Nf6 5. Nxf6+ exf6 6. Bc4 Bd6 7. Qe2+ Be7 8.
Be3 O-O 9. O-O-O Re8 10. Qh5 g6 11. Qf3 Qa5 12. g4 b5 13. Bb3 Qc7 14. h4 Bb7 15. h5 c5 16. Bd5 Bxd5 17. Qxd5 Na6 18. hxg6 hxg6 19. Nf3 Bd6 20. dxc5 Bxc5 21. Bxc5 Nxc5 22. Qd4 Ne4 23. g5 Qf4+ 24. Qe3 Qxe3+ 25. fxe3 Nxg5 26. Nxg5 fxg5 27. Rd5 Rxe3 28. Rxg5 b4 29. Ra5 Kg7 30. Rh4 Rd8 31. b3 Re1+ 32. Kb2 Rdd1 33. Rxb4 Rb1+ 34.
Ka3 Re7 35. c4 f6 36. c5 Rc1 37. Rc4 Rxc4 38. bxc4 g5 39. c6 g4 40. Rb5 Kg6 41.
Rb7 Re6 42. c7 Rc6 43. Kb4 g3 44. Kb5 Rxc7 45. Rxc7 g2 46. Rc8 Kg7 47. Rc7+ Kg6 48. Rc8 Kf7 49. Rc7+ Kg6 1/2-1/2

[Event "Late-Titled-Tuesday-Blitz-July-09-2024"]
[Site "Chess.com"]
[Date "2024.07.09"]
[Round "8"]
[White "Antek_Radzimski"]
[Black "Byniolus"]
[Result "0-1"]
[WhiteElo "2561"]
[BlackElo "2800"]
[TimeControl "180+1"]
[EndTime "15:28:05 PDT"]
[Termination "Byniolus won by checkmate"]

1. d4 d6 2. Nf3 Bg4 3. e4 Nf6 4.
Nc3 e6 5. h3 Bh5 6. Bd3 Be7 7. g4 Bg6 8. Be3 d5 9. e5 Nfd7 10.
Bxg6 hxg6 11. Ne2 c5 12. c3 Nc6 13. a3 cxd4 14. cxd4 Qb6 15. Qd2 Na5 16. Rb1 Bxa3 17. Kf1 Nc4 18. Qc2 Be7 19. Kg2 Rc8 20. Nc3 O-O 21.
h4 Ndxe5 22. Nxe5 Nxe5 23. dxe5 d4 24. h5 g5 25. h6 g6 26. h7+ Kg7 27. h8=Q+ Rxh8 28. Rxh8 Kxh8 29. Qa4 dxe3 30. Qd7 Qc6+ 31. Qxc6 Rxc6 32.
fxe3 Kg7 33. Rd1 Rb6 34. Rd7 Rxb2+ 35. Kf3 Kf8 36. Ne4 a5 37. Rc7 a4 38. Nd6 a3 39.
Rc8+ Kg7 40. Ne8+ Kh7 41. Rc7 a2 42. Rxe7 a1=Q 43. Nf6+ Kg7 44. Re8 Qf1+ 45. Kg3 Rg2+ 46. Kh3 Qh1# 0-1

[Event "Late-Titled-Tuesday-Blitz-July-09-2024"]
[Site "Chess.com"]
[Date "2024.07.09"]
[Round "8"]
[White "ManMish2"]
[Black "temus_galaktionov"]
[Result "0-1"]
[WhiteElo "2610"]
[BlackElo "2840"]
[TimeControl "180+1"]
[EndTime "15:28:06 PDT"]
[Termination "temus_galaktionov won on time"]

1. e4 c6 2. d4 g6 3. Nc3 Bg7 4. Nf3 d6 5. Bd3 Nd7 6. O-O e5 7. Be3 Ngf6 8. h3 O-O 9. Re1 Re8 10.
Qd2 exd4 11. Nxd4 Nc5 12. Bh6 Nxd3 13. cxd3 Bxh6 14. Qxh6 Qb6 15. Nb3 a5 16. Qf4 Qd8 17. a4 Kg7 18. d4 Qb6 19. Nd2 Qxb2 20. Rac1 Qb4 21. Nf3 Bd7 22. Re3 Nh5 23. Qh4 Rab8 24. g4 Nf4 25. Qg3 Ne6 26. Rb1 Qa3 27. Ne2 Qxa4 28.
Qxd6 Red8 29. Qe5+ f6 30. Qg3 Be8 31. g5 fxg5 32.
Nxg5 Nxg5 33. Qxg5 Bf7 34. Rxb7 Rxb7 35. Qxd8 Qd1+ 36.
Kg2 a4 37. Qd6 Rb2 38. Nf4 Qd2 39. Re2 Qb4 40. Rxb2 Qxd6 41. e5 Qxd4 42. e6 Qxb2 43. exf7 Kxf7 0-1

[Event "Late-Titled-Tuesday-Blitz-July-09-2024"]
[Site "Chess.com"]
[Date "2024.07.09"]
[Round "8"]
[White "Fjal"]
[Black "Hattori-Hanzo78"]
[Result "0-1"]
[WhiteElo "2398"]
[BlackElo "2596"]
[TimeControl "180+1"]
[EndTime "15:28:06 PDT"]
[Termination "Hattori-Hanzo78 won by checkmate"]

1. Nf3 Nf6 2. g3 b6 3. Bg2 Bb7 4. O-O g6 5. d4 Bg7 6. c4 O-O 7.
Nc3 Ne4 8. Qc2 Nxc3 9. bxc3 c5 10. Rb1 d6 11. Rd1 Nd7 12. Be3 Rc8 13. Qa4 Bc6 14.
Qa6 Qc7 15. Bg5 Rfe8 16. a4 Bb7 17. Qb5 a6 18. Qb2 cxd4 19. cxd4 Qxc4 20. Ne5 dxe5 21. Bxb7 Rb8 22. Rdc1 Qxd4 23. Bc6 Qd6 24. Qd2 Qxd2 25. Bxd2 Red8 26. Be3 f6 27. Bxd7 Rxd7 28. Rxb6 Rxb6 29. Bxb6 Rd6 30. Rc8+ Kf7 31. a5 f5 32. Ra8 e4 33.
e3 Bc3 34. Rxa6 Rd1+ 35. Kg2 Be1 36. Ra7 Rd2 37. Bc5 Rxf2+ 38. Kh3 Ra2 39. a6 Bf2 40.
Rxe7+ Kf6 41. a7 Bg1 42. g4 Kg5 43. Kg3 Bxh2+ 44. Kh3 fxg4# 0-1

[Event "Late-Titled-Tuesday-Blitz-July-09-2024"]
[Site "Chess.com"]
[Date "2024.07.09"]
[Round "8"]
[White "Bob_2004"]
[Black "Queensandpawns"]
[Result "0-1"]
[WhiteElo "2634"]
[BlackElo "2324"]
[TimeControl "180+1"]
[EndTime "15:28:06 PDT"]
[Termination "Queensandpawns won by resignation"]

1. e4 Nc6 2. Nf3 d6 3. d4 Nf6 4. Nc3 Bg4 5. Be2 e5 6. d5 Ne7 7. O-O Ng6 8. h3 Bd7 9. a4 Be7 10. a5 O-O 11. a6 b6 12. Bb5 Bxb5 13. Nxb5 Qd7 14. Nc3 Ne8 15. g4 h5 16. Nh2 Nf6 17.
f3 hxg4 18. hxg4 Kh7 19. Kf2 Rh8 20. Rh1 Kg8 21. Be3 Nh4 22. Nf1 g5 23. Ng3 Kg7 24. Qd2 Nh7 25. Rh3 f6 26. Rah1 Qc8 27.
Rxh4 gxh4 28. Nf5+ Kf7 29. Rxh4 Ng5 30. Qe2 Rxh4 31.
Nxh4 Qh8 32. Kg3 Qh7 33. Bf2 Rh8 34. Kg2 f5 35. exf5 Nxf3 36. Qxf3 Bxh4 37. Bg1 Be1 38. Kf1 Bxc3 39. Qxc3 Qh1 40. Qxc7+ Kf6 41. Qxd6+ Kg5 42. Qe7+ Kf4 43. Qb4+ Kg3 44. Qe1+ Kxg4 45. Qf2 Rh3 46. f6 Rf3 47. f7 Rxf2+ 48. Kxf2 Qf3+ 49. Ke1 Qxf7 50. Bf2 Qxd5 51. Be3 Qe4 0-1

[Event "Late-Titled-Tuesday-Blitz-July-09-2024"]
[Site "Chess.com"]
[Date "2024.07.09"]
[Round "8"]
[White "Nicolik"]
[Black "Seochesspie"]
[Result "0-1"]
[WhiteElo "2728"]
[BlackElo "2941"]
[TimeControl "180+1"]
[EndTime "15:28:07 PDT"]
[Termination "Seochesspie won on time"]

1. d4 Nf6 2. c4 e6 3. Nc3 Bb4 4.
e3 O-O 5. Bd2 d5 6. a3 Be7 7.
Nf3 b6 8. Rc1 Bb7 9. b4 c6 10.
Bd3 a5 11. c5 Ba6 12. Bxa6 Rxa6 13. O-O axb4 14. axb4 b5 15. Ne5 Nfd7 16. Nd3 Qc7 17.
e4 dxe4 18. Nxe4 Nf6 19. Bf4 Qa7 20. Nd6 Nd5 21. Bg3 Nd7 22. Re1 Ra8 23. h4 Ra3 24. h5 h6 25. Nf4 Nxb4 26. Nxf7 Kxf7 27. Qg4 Nf8 28. Nxe6 Bf6 29. Bd6 Qd7 30. Bxf8 Kg8 31. Bd6 Nd3 32. d5 Nxe1 33. Rxe1 Ra1 34. Rxa1 Rxa1+ 35. Kh2 cxd5 36. Qf5 Re1 37. Nd4 Qxf5 38. Nxf5 Rc1 39. Ne3 d4 40. Nd5 d3 41. Bf4 Rxc5 42.
Nb4 Rc3 43. Nd5 Rb3 44. Kg3 Bg5 0-1

[Event "Late-Titled-Tuesday-Blitz-July-09-2024"]
[Site "Chess.com"]
[Date "2024.07.09"]
[Round "8"]
[White "Fandorine"]
[Black "JunjiCol"]
[Result "1-0"]
[WhiteElo "2926"]
[BlackElo "2471"]
[TimeControl "180+1"]
[EndTime "15:28:08 PDT"]
[Termination "Fandorine won on time"]

1. d4 d5 2. c4 e6 3. Nf3 Nf6 4. Qc2 Nc6 5. cxd5 exd5 6. Bg5 Bb4+ 7. Nbd2 h6 8. Bxf6 Qxf6 9. e3 Bf5 10. Bd3 Bxd3 11.
Qxd3 O-O 12. O-O Rfe8 13. Rac1 a6 14. Qb3 Bxd2 15. Nxd2 Qf5 16. Qxb7 Qd3 17. Qxc6 Qxd2 18. Rc2 Qa5 19. a3 Rab8 20. h3 Re7 21. Rc5 Qd2 22. b4 Qd3 23. Rc3 Qd2 24. Rc2 Qd3 25. Rc3 Qd2 26.
Rfc1 Rbe8 27. Qxd5 Re6 28. Rxc7 Rf6 29. R7c2 Qd3 30. Rc8 Rxc8 31. Rxc8+ Kh7 32. Qc4 Qb1+ 33. Qf1 Qf5 34. Rc3 Rg6 35. Qd3 Qg5 36. g3 Qh5 37.
Kg2 f5 38. d5 Rd6 39. Rc6 Rd7 40. g4 Qg5 41. Qxf5+ Qxf5 42. gxf5 Rxd5 43. e4 Re5 44. f3 a5 45. Rc5 1-0

[Event "Late-Titled-Tuesday-Blitz-July-09-2024"]
[Site "Chess.com"]
[Date "2024.07.09"]
[Round "8"]
[White "BogdanDeac"]
[Black "Paladin61"]
[Result "1-0"]
[WhiteElo "2959"]
[BlackElo "2732"]
[TimeControl "180+1"]
[EndTime "15:28:09 PDT"]
[Termination "BogdanDeac won on time"]

1. e4 e5 2. Nf3 Nc6 3. Bb5 Nf6 4. d3 Bc5 5. Bxc6 dxc6 6. Qe2 Qe7 7. h3 h6 8. Nbd2 Bd6 9. Nc4 c5 10. a4 Nd7 11.
Ne3 Nb8 12. Nf5 Qf6 13. g4 Nc6 14. Bd2 Be6 15. Rg1 g5 16. h4 Rg8 17. hxg5 hxg5 18. O-O-O Qd8 19. Rh1 Bf8 20. Rh7 a6 21. Rdh1 f6 22.
Qf1 Bf7 23. Rxf7 Kxf7 24. Rh7+ Bg7 25. d4 Nxd4 26. N3xd4 cxd4 27. Qc4+ Kg6 28. Qd3 Qf8 29. Qh3 Kf7 30. Qb3+ Kg6 31. Bb4 c5 32. Qh3 Kf7 33.
Nh6+ Ke6 34. Nxg8 Qxg8 35. Bxc5 Kd7 36. Qh6 Kc6 37. Rxg7 Qe6 38. Be7 d3 39. Qxf6 d2+ 40. Kd1 Kc7 41. Qxe6 1-0

[Event "Late-Titled-Tuesday-Blitz-July-09-2024"]
[Site "Chess.com"]
[Date "2024.07.09"]
[Round "8"]
[White "scrambleyourbrain"]
[Black "TokChess"]
[Result "1-0"]
[WhiteElo "2379"]
[BlackElo "2570"]
[TimeControl "180+1"]
[EndTime "15:28:10 PDT"]
[Termination "scrambleyourbrain won on time"]

1. e4 d6 2. d4 Nf6 3. Nc3 Nbd7 4. h3 e5 5. Be3 c6 6. g3 Be7 7.
Bg2 O-O 8. Nge2 Re8 9. O-O b5 10. a3 a6 11. f4 Bb7 12. Qd2 c5 13. d5 b4 14. axb4 cxb4 15. Na4 a5 16. b3 Qc7 17. f5 Ba6 18. g4 h6 19. Rf2 Rec8 20. Ng3 Nh7 21.
Rc1 Bb5 22. Nb2 Bh4 23. Kh2 Qc3 24. Nd1 Qxd2 25. Rxd2 a4 26. bxa4 Rxa4 27. Nb2 Ra3 28.
Nd3 Bxd3 29. Rxd3 Rcc3 30. Rxc3 Rxc3 31. Nf1 Bg5 32. Bxg5 hxg5 33. Rb1 Rxc2 34. Rxb4 Nhf6 35. Kg3 Nc5 36. Bf3 Rc3 37. Nd2 Rd3 38. Nc4 Nfxe4+ 39. Kg2 Rd4 40. Rb8+ Kh7 41. Nb6 Rd2+ 42. Kg1 Nf6 43. Bg2 e4 44. Nc4 Rd4 45. Ne3 Rd3 46. Nf1 e3 47. Bf3 Nce4 48. Rb4 1-0

[Event "Late-Titled-Tuesday-Blitz-July-09-2024"]
[Site "Chess.com"]
[Date "2024.07.09"]
[Round "8"]
[White "ArchibaldCerveza29"]
[Black "JAN2404"]
[Result "0-1"]
[WhiteElo "2391"]
[BlackElo "2123"]
[TimeControl "180+1"]
[EndTime "15:28:10 PDT"]
[Termination "JAN2404 won by resignation"]

1. e4 c5 2. d4 cxd4 3. c3 dxc3 4. Nxc3 e6 5. Nf3 Nc6 6. Bc4 Bb4 7. O-O Nge7 8. Bg5 O-O 9. Rc1 h6 10. Bh4 b6 11. Qe2 Bb7 12. Rfd1 Rc8 13. Nd5 g5 14. Nf6+ Kg7 15. Nxg5 hxg5 16. Bxg5 Ne5 17. Bb5 Rxc1 18. Rxc1 Bc5 19. b4 Bxb4 20. f4 Bc5+ 21. Kh1 N5g6 22. e5 Qa8 23. Ne4 Bxe4 24. Bf6+ Kg8 25. h4 Nf5 26. h5 Ng3+ 27. Kh2 Nxe2 28. hxg6 Nxc1 29. g7 Rc8 30. Bxd7 Bg1+ 31. Kxg1 Ne2+ 32. Kf2 Nxf4 33. Bxc8 Qxc8 34. Ke3 Qc3+ 35. Kxe4 Nd5 36. g4 Nxf6+ 37. exf6 Qc4+ 38. Kf3 Qxa2 39. g5 Qd5+ 40. Kf4 b5 41. g6 b4 42. gxf7+ Kxf7 43. g8=Q+ Kxg8 44. Ke3 Kf7 45. Kf4 Kxf6 46. Kg4 b3 47. Kf4 b2 48.
Ke3 b1=Q 0-1

[Event "Late-Titled-Tuesday-Blitz-July-09-2024"]
[Site "Chess.com"]
[Date "2024.07.09"]
[Round "8"]
[White "K_A_S_T_O_R"]
[Black "HaryKane"]
[Result "1-0"]
[WhiteElo "2844"]
[BlackElo "2598"]
[TimeControl "180+1"]
[EndTime "15:28:11 PDT"]
[Termination "K_A_S_T_O_R won on time"]

1. e4 c5 2. Nf3 d6 3. d4 cxd4 4. Nxd4 Nf6 5. Nc3 g6 6. Be2 Bg7 7. O-O O-O 8. Nb3 Nc6 9. Bg5 h6 10. Be3 a6 11. Qd2 Kh7 12. a4 Bd7 13. a5 Rc8 14. Bb6 Qe8 15. f4 Nb4 16. Kh1 Be6 17. Bf3 Bxb3 18. cxb3 Nd7 19. Na4 Nc6 20. Be3 e5 21. g3 exf4 22. gxf4 Nf6 23. Nc3 Nb4 24. Ra4 Nc6 25. Rd1 Rd8 26. Qf2 Ne7 27. Rb4 Rd7 28. Rc4 d5 29. exd5 Nf5 30. Bc5 Rg8 31.
Re1 Qd8 32. Bb6 Qb8 33. Rd1 Nd6 34. Rcd4 Re8 35. Re1 Rde7 36. Rxe7 Rxe7 37. Bc5 Nd7 38. Rb4 Nxc5 39. Qxc5 Nf5 40. d6 Nxd6 41. Nd5 Re1+ 42.
Kg2 Nf5 43. Re4 Rxe4 44. Bxe4 Nd6 45. Bd3 Qd8 46. b4 Qh4 47. Qxd6 Qg4+ 48. Kf2 Qh4+ 49.
Ke2 Qxh2+ 50. Kd1 Qxb2 51. f5 Qa1+ 52. Ke2 Qb2+ 53. Kf3 Be5 54. fxg6+ Kg7 55. Qe7 1-0

[Event "Late-Titled-Tuesday-Blitz-July-09-2024"]
[Site "Chess.com"]
[Date "2024.07.09"]
[Round "8"]
[White "slidingknight2775"]
[Black "Narek_Ghimoyan"]
[Result "1-0"]
[WhiteElo "2735"]
[BlackElo "2516"]
[TimeControl "180+1"]
[EndTime "15:28:14 PDT"]
[Termination "slidingknight2775 won by resignation"]

1. c4 e5 2. d3 Nf6 3. Nf3 Nc6 4. a3 d5 5. cxd5 Nxd5 6. e4 Nde7 7. Be2 g6 8. Be3 Bg7 9. Nbd2 O-O 10. O-O h6 11.
Rc1 Be6 12. b4 a6 13. Nb3 Nd4 14. Nfxd4 exd4 15. Bf4 Bxb3 16. Qxb3 c6 17. Bg3 Kh7 18. a4 f5 19. exf5 Nxf5 20. b5 axb5 21. axb5 Qe7 22. Bf3 Ra3 23. Qb1 Rc3 24. bxc6 bxc6 25. Bxc6 Qe2 26. Be4 h5 27. Rce1 Qd2 28. Rd1 Qg5 29. Bxf5 Rxf5 30. h4 Qg4 31. Rde1 g5 32. Re4 Rf4 33.
Bxf4 gxf4 34. Qd1 Qxh4 35. Qf3 Bh6 36. Rb1 Rc7 37. Rxd4 Re7 38. Rb7 Bg7 39. Rxe7 Qxe7 40. Re4 Qc5 41. Re1 Qg5 42. Rd1 h4 43. d4 Kh6 44. d5 Bf6 45. d6 Bd8 46. d7 Qf6 47. Qd5 Kg7 48. Qd4 Kf7 49. Qxf6+ Kxf6 50. f3 Ke6 51. Kh2 Ke5 52. Kh3 Kf5 53. Rc1 Ke6 54. Rc8 Kxd7 55. Rxd8+ Kxd8 56. Kxh4 1-0